 Dungeon Crawl Stone Soup version 0.30-a0-1075-gcd70e7a56d (webtiles) character file.

Game seed: 3347384336365552171

368 NateTC the Covert (level 6, -2/30 HPs)
             Began as a Spriggan Enchanter on Apr 14, 2023.
             Slain by a sleepcap (18 damage)
             ... on level 4 of the Dungeon.
             The game lasted 00:12:32 (3541 turns).

NateTC the Covert (Spriggan Enchanter)              Turns: 3541, Time: 00:12:33

Health: -2/30      AC:  5    Str: 10    XL:     6   Next: 41%
Magic:  11/11      EV:  4    Int: 17    God:
Gold:   211        SH:  0    Dex: 17    Spells: 8/10 levels left

rFire   . . .      SeeInvis +    a - +1 dagger
rCold   . . .      Faith    .    (no shield)
rNeg    . . .      Spirit   .    b - +0 robe
rPois   .          Reflect  .    (helmet restricted)
rElec   .          Rampage  .    h - +2 cloak {Stlth+}
rCorr   .                        (gloves unavailable)
Will    +....                    (boots unavailable)
Stlth   +++++                    (no amulet)
HPRegen 0.25/turn                f - +6 ring of strength
MPRegen 0.12/turn                (no ring)

@: sleeping, very quick
A: very small, no large weapons, unfitting armour, see invisible, speed 3
a: no special abilities


You were on level 4 of the Dungeon.
You visited 1 branch of the dungeon, and saw 5 of its levels.

You collected 211 gold pieces.

Inventory:

Hand Weapons
 a - a +1 dagger (weapon)
Armour
 b - a +0 robe (worn)
 h - a +2 cloak of stealth (worn)
Jewellery
 f - a +6 ring of strength (left hand)
Scrolls
 j - a scroll of blinking
 k - a scroll of enchant armour {unknown}
 l - 2 scrolls of identify {unknown}
Potions
 c - a potion of invisibility
 d - a potion of attraction {unknown}
 e - 2 potions of lignification {unknown}
 g - 2 potions of brilliance {unknown}
 i - a potion of cancellation {unknown}
 m - a potion of haste
 n - a potion of heal wounds {unknown}
 o - a potion of curing {unknown}


   Skills:
 + Level 1.2 Fighting
 - Level 2.7 Short Blades
 - Level 3.7 Dodging
 - Level 8.7 Stealth
 - Level 2.6 Spellcasting
 - Level 4.2 Hexes
 - Level 1.1 Ice Magic


You had 8 spell levels left.
You knew the following spells:

 Your Spells              Type           Power      Damage    Failure   Level
a - Ensorcelled Hibernat  Hex/Ice        22%        N/A       9%          2

Your spell library contained the following spells:

 Spells                   Type           Power      Damage    Failure   Level
 Confusing Touch          Hex            16%        N/A       10%         3
 Tukima's Dance           Hex            16%        N/A       10%         3
 Freeze                   Ice            24%        1d4       11%         1
 Beastly Appendage        Tmut           4%         N/A       19%         1
 Dazzling Flash           Conj/Hex       18%        N/A       22%         3
 Frozen Ramparts          Ice            12%        1d2       32%         3
 Hailstorm                Conj/Ice       4%         3d4       38%         3
 Animate Armour           Summ/Erth      4%         N/A       87%         4
 Passage of Golubria      Tloc           2%         N/A       87%         4
 Yara's Violent Unravell  Hex/Tmut       4%         3d4       91%         5
 Summon Forest            Summ/Tloc      1%         N/A       99%         5
 Dragon's Call            Summ           1%         N/A       100%        9


Dungeon Overview and Level Annotations

Branches:
Dungeon (5/15) Zot: 26518
 Temple: D:4-7

Altars:
Ashenzari
Uskayaw
The Shining One

Shops:
D:1 :   D:2 =

Annotations:
D:5 1 runed translucent door, Prince Ribbit; Twinkles's ghost, novice OpWn


Innate Abilities, Weirdness & Mutations

You are very small and have problems with some larger weapons.
You are too small for most types of armour.
You have supernaturally acute eyesight. (SInv)
You cover ground extremely quickly. (Speed+++)


Message History

The sleepcap releases spores at you but does no damage.
You hit the sleepcap.
The sleepcap is lightly damaged.
The sleepcap releases spores at you but does no damage.
You hit the sleepcap but do no damage.
The sleepcap is lightly damaged.
The sleepcap barely misses you.
You hit the sleepcap but do no damage.
The sleepcap is lightly damaged.
The sleepcap closely misses you.
You hit the sleepcap but do no damage.
The sleepcap is lightly damaged.
You hit the sleepcap.
The sleepcap is moderately damaged.
The sleepcap barely misses you.
You hit the sleepcap but do no damage.
The sleepcap is moderately damaged.
The sleepcap closely misses you.
You hit the sleepcap.
The sleepcap is heavily damaged.
The sleepcap completely misses you.
You hit the sleepcap.
The sleepcap is heavily damaged.
The sleepcap releases spores at you.
You hit the sleepcap but do no damage.
The sleepcap is heavily damaged.
The sleepcap closely misses you.
You hit the sleepcap.
The sleepcap is heavily damaged.
The sleepcap releases spores at you.
You hit the sleepcap.
The sleepcap is severely damaged.
You hit the sleepcap but do no damage.
The sleepcap is severely damaged.
The sleepcap releases spores at you.
You are engulfed in a cloud of soporific spores!
You fall asleep.
The sleepcap releases spores at you!!
Ouch! That really hurt!
You die...

### ### #.. ##.## #.#
##...## #.# #.##.....#
#f# #......... #@#
######.### #.# #.### #.#
#.#.. #.# ##+... #.#
##...## #.# #.####
##....#. #.# #.##.##
##.....'.
#.######.#...####....<.#.
................'###...##


You could see a sleepcap.

Vanquished Creatures
  A black bear (D:4)
  A howler monkey (D:5)
  Crazy Yiuf (D:2)
  Robin (D:3)
  7 gnolls
  3 adders
  2 worms (D:3)
  2 dart slugs (D:2)
  11 orcs
  8 endoplasms
  2 giant cockroaches
  11 goblins
  5 hobgoblins
  3 jackals (D:1)
  5 quokkas
  7 ball pythons
  6 bats
  A frilled lizard (D:2)
  3 kobolds
  5 rats
85 creatures vanquished.

Vanquished Creatures (others)
  16 plants
16 creatures vanquished.

Grand Total: 101 creatures vanquished

Notes
Turn   | Place    | Note
-------+----------+-------------------------------------------
     0 | D:1      | NateTC the Spriggan Enchanter began the quest for the Orb.
     0 | D:1      | Reached XP level 1. HP: 9/9 MP: 5/5
   139 | D:1      | Reached skill level 5 in Stealth
   168 | D:1      | Reached XP level 2. HP: 10/13 MP: 6/6
   306 | D:1      | Learned a level 2 spell: Ensorcelled Hibernation
   326 | D:1      | Found Johionug's Book Boutique.
   681 | D:2      | Found Usukhl Uthrasm's Jewellery Emporium.
   885 | D:2      | Reached skill level 6 in Stealth
   885 | D:2      | Reached XP level 3. HP: 16/16 MP: 5/8
  1011 | D:2      | Got Sif Muna's Almanac of Cooperative Shapes
  1018 | D:2      | Found a runed translucent door.
  1019 | D:2      | Noticed Crazy Yiuf
  1338 | D:2      | Reached XP level 4. HP: 21/21 MP: 2/9
  1484 | D:2      | Killed Crazy Yiuf
  1485 | D:2      | Reached skill level 7 in Stealth
  1573 | D:3      | Found a glowing golden altar of the Shining One.
  1682 | D:3      | Reached XP level 5. HP: 24/24 MP: 3/10
  1701 | D:3      | Reached skill level 1 in Ice Magic
  1940 | D:3      | Found a faded altar of an unknown god.
  1940 | D:3      | Noticed a golden eye
  1944 | D:3      | Noticed a great orb of eyes
  1944 | D:3      | Noticed a great orb of eyes
  1944 | D:3      | Noticed a golden eye
  2472 | D:3      | Reached skill level 8 in Stealth
  2558 | D:3      | Noticed Robin
  2565 | D:3      | Killed Robin
  2685 | D:3      | You fall into a shaft and drop 2 floors!
  2685 | D:5      | Entered Level 5 of the Dungeon
  2724 | D:5      | Found a runed translucent door.
  2731 | D:5      | Noticed Twinkles's ghost (novice OpWn)
  2757 | D:5      | Reached skill level 1 in Fighting
  2757 | D:5      | Reached XP level 6. HP: 30/30 MP: 11/11
  2813 | D:5      | Noticed Prince Ribbit
  2960 | D:4      | Found a broken altar of Ashenzari.
  3424 | D:4      | Found a hide-covered altar of Uskayaw.
  3424 | D:4      | Noticed a +0 dagger
  3424 | D:4      | Noticed a +0 spear
  3425 | D:4      | Noticed a +0 short sword
  3425 | D:4      | Noticed a +0 short sword
  3453 | D:4      | Noticed a +0 falchion
  3454 | D:4      | Noticed a +0 spear
  3454 | D:4      | Noticed a +0 dagger
  3454 | D:4      | Noticed a +0 falchion
  3541 | D:4      | Slain by a sleepcap

Illustrated notes

Levels and vault maps discovered:
D:1:      heliophobic_arrival_battle_scene, layout_basic, serial_shops,
          nicolae_shop_trees
D:2:      layout_basic, serial_shops, shop, serial_bayou_ford_a,
          uniq_crazy_yiuf_cottage
D:3:      layout_loops_ring, old_standard_altar,
          hellmonk_ecumenical_altar_watching_god, serial_forest,
          infiniplex_forest_3_way, infiniplex_forest_clump_small,
          infiniplex_forest_lined_3, infiniplex_forest_side_room,
          infiniplex_forest_end_2, infiniplex_forest_clump_curved, uniq_robin
D:4:      layout_loops_corners, nicolae_uskayaw_en_pointe,
          cheibrodos_ashenzari_chains, kennysheep_little_box,
          minmay_temple_entry_overgrown, serial_rivers,
          chequers_serial_rivers_micro_b, chequers_serial_rivers_marsh,
          chequers_serial_rivers_large_b, chequers_serial_rivers_micro_b,
          chequers_serial_rivers_small_b, chequers_serial_rivers_small_b
D:5:      layout_cave_pools, ebering_ghost_sewer_d, uniq_prince_ribbit1

Skill      XL: |  1  2  3  4  5 |
---------------+----------------+-----
Stealth        | 5 6 7 8 |  8.7
Short Blades   | 2 |  2.7
Hexes          | 4 |  4.2
Ice Magic      | 1 |  1.1
Fighting       | 1 |  1.2
Dodging        | 3 |  3.7
Spellcasting   | |  2.6

Action                     |  1- 3 |  4- 6 || total
---------------------------+-------+-------++-------
  Melee: Dagger            |    94 |   164 ||   258
         Punch             |     1 |     3 ||     4
   Cast: Ensorcelled Hiber |    14 |    35 ||    49
    Use: Scroll            |     5 |     3 ||     8
         Potion            |       |     1 ||     1
   Stab: Sleeping          |    13 |    33 ||    46
 Armour: Robe              |     6 |    25 ||    31
  Dodge: Dodged            |    74 |   111 ||   185

Table legend: (Time is in decaauts)
 A = Elapsed time spent in this place.
 B = Non-inter-level travel time spent in this place.
 C = Inter-level travel time spent in this place.
 D = Time resting spent in this place.
 E = Time spent auto-exploring this place.
 F = Levels seen in this place.
 G = Mean time per level.
                   A        B        C        D        E       F      G
               +--------+--------+--------+--------+--------+-----+--------+
         Total |   2592 |   2535 |     57 |    711 |    874 |   5 |  518.4 |
       Dungeon |   2592 |   2535 |     57 |    711 |    874 |   5 |  518.4 |
               +--------+--------+--------+--------+--------+-----+--------+

Top non-repeatable levels by time:
     D:3: 1132 daAuts
     D:2: 701 daAuts
     D:1: 382 daAuts
     D:4: 264 daAuts
     D:5: 112 daAuts
